 Dungeon Crawl Stone Soup version 0.27.1-2-g3b301248ec (webtiles) character file.

Game seed: 4995479116130481312

100 pkoi the Slasher (level 4, -1/39 HPs)
             Began as a Minotaur Fighter on Sept 30, 2021.
             Slain by a gnoll (10 damage)
             ... on level 3 of the Dungeon.
             The game lasted 00:02:47 (2254 turns).

pkoi the Slasher (Minotaur Fighter)                 Turns: 2254, Time: 00:02:48

Health: -1/39      AC:  9    Str: 22    XL:     4   Next: 46%
Magic:  3/3        EV:  9    Int:  5    God:
Gold:   139        SH:  9    Dex:  9    Spells: 3/3 levels left

rFire    . . .     SeeInvis .   a - +0 long sword
rCold    . . .     Faith    .   c - +0 kite shield
rNeg     . . .     Spirit   .   k - +0 chain mail
rPois    .         Reflect  .   (helmet restricted)
rElec    .         Harm     .   (no cloak)
rCorr    .         Rampage  .   (no gloves)
Will     .....                  (no boots)
Stlth    ..........             (no amulet)
HPRegen  0.13/turn              e - +4 ring of evasion
MPRegen  0.08/turn              (no ring)

@: lethally poisoned (-1 -> -8)
A: horns 2, retaliatory headbutt
a: no special abilities


You were on level 3 of the Dungeon.
You visited 1 branch of the dungeon, and saw 3 of its levels.

You collected 139 gold pieces.

Inventory:

Hand Weapons
 a - a +0 long sword (weapon)
 o - a +1 dagger of venom
Armour
 c - a +0 kite shield (worn)
 k - a +0 chain mail (worn)
Jewellery
 e - a +4 ring of evasion (left hand)
 j - a +6 ring of intelligence
Scrolls
 b - 3 scrolls of identify {unknown}
 m - 2 scrolls of magic mapping {unknown}
Potions
 d - a potion of might
 f - a potion of lignification {unknown}
 g - 2 potions of magic {unknown}
 h - 3 potions of curing {unknown}
 i - a potion of degeneration {unknown}
 l - a potion of ambrosia {unknown}
 n - a potion of cancellation {unknown}
 p - a potion of haste {unknown}


   Skills:
 - Level 3.6 Fighting
 * Level 5.0 Long Blades
 - Level 3.6 Armour
 + Level 4.6 Shields


You had 3 spell levels left.
You didn't know any spells.
Your spell library was empty.

Dungeon Overview and Level Annotations

Branches:
Dungeon (3/15)

Altars:
Uskayaw


Innate Abilities, Weirdness & Mutations

You have a pair of horns on your head.
You reflexively headbutt those who attack you in melee.


Message History

You block the gnoll's attack.
The gnoll shouts!
You hit the gnoll but do no damage. The gnoll hits you but does no damage.
The gnoll closely misses you. You furiously retaliate!
You headbutt the gnoll.
The gnoll throws a throwing net.
You block the throwing net.
You closely miss the gnoll.
The gnoll is heavily wounded.
You block the gnoll's attack. The gnoll misses you.
The gnoll hits you with a +0 flail!
You are too injured to fight recklessly!
You are too injured to fight recklessly!
You are too injured to fight recklessly!
You are too injured to fight recklessly!
You are too injured to fight recklessly!
You are too injured to fight recklessly!
You are too injured to fight recklessly!
You are too injured to fight recklessly!
Unknown command.
The gnoll hits you from afar with a +2 spear of venom.
You are poisoned.
You feel very sick. The gnoll hits you but does no damage.
You are more poisoned.
You slash the gnoll! You headbutt the gnoll!
You kill the gnoll!
* * * LOW HITPOINT WARNING * * *
You feel very sick. The gnoll closely misses you.
Your Long Blades skill increases to level 5!
You hit the gnoll but do no damage. Your headbutt misses the gnoll.
The gnoll is heavily wounded.
* * * LOW HITPOINT WARNING * * *
You feel very sick. You block the gnoll's attack. x2
You completely miss the gnoll.
The gnoll is heavily wounded.
* * * LOW HITPOINT WARNING * * *
You feel very sick. The gnoll hits you with a +0 flail!
You die...

......................## #.
........#############..# #>
...#.....# ##.# #.
...#.....# #.## #.
#[#....÷##############..###.
........†...................
#.#..<..###############..##.
#.#.....######### ##.##)
#^.....)(gg@....# #.##.
########.)...#######.# #..##
....#...<#'#...# #.# ##.##
.#....#..#.#..## #.# #..#
.....(####.#..# #.######
##.# #....'....#<.. #......#
#.. ##....##########
#......# ##. #.......#
#......# #. #......##
#.###### #.


You could see 2 gnolls.

Vanquished Creatures
  2 gnolls (D:3)
  An adder (D:2)
  A worm (D:2)
  4 dart slugs
  An orc (D:3)
  5 endoplasms
  2 giant cockroaches (D:3)
  9 goblins
  4 hobgoblins
  2 jackals (D:2)
  4 quokkas
  5 ball pythons
  3 frilled lizards
  9 kobolds
  3 rats
55 creatures vanquished.

Notes
Turn   | Place    | Note
-------+----------+-------------------------------------------
     0 | D:1      | pkoi the Minotaur Fighter began the quest for the Orb.
     0 | D:1      | Reached XP level 1. HP: 19/19 MP: 0/0
   245 | D:1      | Reached skill level 3 in Long Blades
   308 | D:1      | Reached XP level 2. HP: 26/26 MP: 1/1
   694 | D:1      | Found a faded altar of an unknown god.
   801 | D:1      | Reached XP level 3. HP: 31/31 MP: 2/2
  1116 | D:2      | Reached skill level 4 in Long Blades
  1272 | D:2      | Found a hide-covered altar of Uskayaw.
  2031 | D:3      | Reached XP level 4. HP: 39/39 MP: 3/3
  2253 | D:3      | Reached skill level 5 in Long Blades
  2254 | D:3      | Slain by a gnoll

Illustrated notes

Levels and vault maps discovered:
D:1:      dpeg_arrival_shrine, layout_basic, ebering_ecumenical_altar_rust
D:2:      layout_loops_cross, basic_altar
D:3:      layout_basic

Skill      XL: |  1  2  3  4 |
---------------+-------------+-----
Long Blades    | 3 4 5 |  5.0
Shields        | 4 |  4.6
Fighting       | |  3.6
Armour         | |  3.6

Action                   |  1- 3 |  4- 6 || total
-------------------------+-------+-------++-------
Melee: Long sword        |    82 |    27 ||   109
       Headbutt          |    16 |     6 ||    22
  Use: Scroll            |     2 |       ||     2
Armor: Scale mail        |    14 |       ||    14
       Chain mail        |    12 |    10 ||    22
Dodge: Dodged            |    31 |    10 ||    41
Block: Kite shield       |    35 |    17 ||    52
       Rpst.: Long sword |     8 |     1 ||     9
